 Dungeon Crawl Stone Soup version 0.30-a0-728-gc68057be0a (webtiles) character file.

Game seed: 2440935447151475260

3411 Jackthecabe the Slicer (level 10, -6/56 HPs)
             Began as a Vine Stalker Brigand on Feb 1, 2023.
             Was a Follower of Uskayaw.
             Mangled by a two-headed ogre
             ... wielding a +0 giant spiked club
              (14 damage)
             ... on level 8 of the Dungeon.
             The game lasted 00:23:12 (7687 turns).

Jackthecabe the Slicer (Vine Stalker Brigand)       Turns: 7687, Time: 00:23:13

Health: -6/56      AC:  6    Str: 14    XL:     10   Next: 4%
Magic:  0/11       EV: 15    Int: 17    God:    Uskayaw [*.....]
Gold:   420        SH:  0    Dex: 20    Spells: 9/9 levels left

rFire   + . .      SeeInvis .    a - +2 dagger
rCold   . . .      Faith    .    (no shield)
rNeg    . . .      Spirit   +    q - +0 robe of Vyfirgh {rF+}
rPois   .          Reflect  .    p - +0 helmet
rElec   .          Harm     .    c - +0 cloak
rCorr   .          Rampage  .    H - +1 pair of gloves
Will    ++...                    (no boots)
Stlth   +++                      (no amulet)
HPRegen 1.09/turn                W - ring of willpower
MPRegen 0.12/turn                I - +6 ring of intelligence

@: no status effects
A: fangs 3, regeneration 1, magic shield, antimagic bite, no potion heal 2
a: Renounce Religion, Stomp


You were on level 8 of the Dungeon.
You worshipped Uskayaw.
Uskayaw was noncommittal.
You visited 2 branches of the dungeon, and saw 9 of its levels.

You collected 420 gold pieces.


Innate Abilities, Weirdness & Mutations

You have razor-sharp teeth.
Your natural rate of healing is unusually fast.
When hurt, damage is shared between your health and your magic reserves.
Your bite disrupts and absorbs the magic of your enemies.
Potions cannot restore your health.


   Skills:
 - Level 8.0 Fighting
 - Level 8.0 Short Blades
 - Level 1.7 Throwing
 + Level 5.5 Dodging
 - Level 6.0 Stealth


You had 9 spell levels left.
You didn't know any spells.
Your spell library contained the following spells:

 Spells                   Type           Power      Damage    Failure   Level
 Gell's Gravitas          Tloc           0%         N/A       56%         3
 Teleport Other           Tloc           0%         N/A       56%         3
 Dispersal                Tloc           0%         N/A       100%        6

Inventory:

Hand Weapons
 a - a +2 dagger (weapon)
 v - a +0 rapier
Missiles
 d - 19 poisoned darts (quivered)
 e - 4 curare-tipped darts {=f}
 n - 3 throwing nets {=f}
Armour
 c - a +0 cloak (worn)
 p - a +0 helmet (worn)
 q - the +0 robe of Vyfirgh (worn) {rF+}
   (You took it off a hobgoblin on level 3 of the Dungeon)

   rF:        It protects you from fire.
 H - a +1 pair of gloves (worn)
 K - a +0 leather armour
Jewellery
 C - a ring of ice
 I - a +6 ring of intelligence (right hand)
 R - a ring of resist corrosion
 S - a +6 ring of strength
 W - a ring of willpower (left hand)
 Z - a ring of wizardry
Wands
 J - a wand of roots (11)
Scrolls
 b - a scroll of fear {unknown}
 f - 3 scrolls of teleportation {unknown}
 h - 4 scrolls of noise {unknown}
 i - a scroll of immolation {unknown}
 m - 8 scrolls of identify {unknown}
 o - a scroll of fog {unknown}
 r - a scroll of poison {unknown}
 t - 2 scrolls of enchant armour {unknown}
 w - a scroll of amnesia {unknown}
 y - a scroll of magic mapping {unknown}
 B - a scroll of vulnerability {unknown}
 D - a scroll of acquirement {unknown}
 G - a scroll of blinking {unknown}
Potions
 g - 2 potions of flight {unknown}
 j - 2 potions of magic {unknown}
 l - 2 potions of might {unknown}
 s - a potion of brilliance {unknown}
 u - 3 potions of degeneration {unknown}
 x - 2 potions of mutation {unknown}
 z - a potion of curing {@q1}
 A - 2 potions of cancellation {unknown}
 E - a potion of haste {unknown}
 F - a potion of heal wounds {unknown}

Dungeon Overview and Level Annotations

Branches:
Dungeon (8/15)             Temple (1/1) D:7
   Lair: D:8-11

Altars:
Ashenzari
Cheibriados
Dithmenos
Elyvilon
Fedhas
Gozag
Hepliaklqana
Kikubaaqudgha
Makhleb
Nemelex Xobeh
Okawaru
Qazlal
Ru
Sif Muna
Trog
Uskayaw
Vehumet
Xom
Yredelemnul
Zin
The Shining One

Shops:
D:4 :

Annotations:
D:1 1 transporter
D:3 2 transporters, Dittersdorf's ghost, amateur GrFi
D:7 3 runed translucent doors, exclusions: wight and 1 more exclusion, olddryhag's ghost, novice DsGl
D:8 exclusion: orange demon, Erica

♣.♣♣♣.........##.♣♣....#
♣.....[..T)..#.♣♣♣♣♣.'##
♣........))....♣ ♣...#
..♣.........###..♣ ♣...#
#.......[...# #..♣ ♣...#
##..........###..♣ ♣♣...#
.....[......'....♣♣♣♣....#
##..........##O..........#
#....########@..........#
#.... #...######### #....
#>### #.... ##'### #....#
######## #....####
#......#######.......#
#............#.......# 4
#............#.......####...


You could see a two-headed ogre.


Message History

You barely miss something. You bite something.
Reactivating autopickup.
You feel a bit more experienced.
You can now pass through a line of other dancers.
j - 2 fuming orange potions (gained 1)
Things that are here:
a +0 dagger; a +0 robe; an orc corpse A two-headed ogre comes into view.
It is wielding a +0 giant spiked club and a +0 dire flail.
Unknown command.
Use which ability? (? or * to list)
Okay, then.
Throw: 6 darts (curare) {=f}
Press: ? - help, Shift-Dir - straight line, f - two-headed ogre
Aim: a two-headed ogre, wielding a +0 giant spiked club and a +0 dire flail (79% to hit)
You throw a curare-tipped dart {=f}.
The curare-tipped dart {=f} completely misses the two-headed ogre.
Throw: 5 darts (curare) {=f}
Press: ? - help, Shift-Dir - straight line, f/p - two-headed ogre
Aim: a two-headed ogre, wielding a +0 giant spiked club and a +0 dire flail (79% to hit)
You throw a curare-tipped dart {=f}.
The curare-tipped dart {=f} barely misses the two-headed ogre.
The two-headed ogre hits you with a +0 giant spiked club!!
The two-headed ogre hits you but does no damage.
You hear a shout!
You can no longer pass through a line of other dancers.
The two-headed ogre attacks as you move away!
The two-headed ogre hits you with a +0 giant spiked club!!
* * * LOW HITPOINT WARNING * * *
The two-headed ogre hits you with a +0 dire flail!
You die...

Skill      XL: |  1  2  3  4  5  6  7  8  9 |
---------------+----------------------------+-----
Short Blades   | 2 3 4 5 6 8 |  8.0
Stealth        | 5 6 |  6.0
Fighting       | 2 6 8 |  8.0
Dodging        | 5 |  5.5
Throwing       | |  1.7

Action                     |  1- 3 |  4- 6 |  7- 9 | 10-12 || total
---------------------------+-------+-------+-------+-------++-------
  Melee: Dagger            |    69 |   195 |   318 |    13 ||   595
         Bite              |    13 |    64 |   104 |     3 ||   184
         Punch             |     2 |     1 |     7 |       ||    10
  Throw: Dart              |     3 |     4 |    12 |     3 ||    22
         Throwing net      |       |     2 |     3 |       ||     5
 Invoke: Stomp             |       |       |     1 |       ||     1
    Use: Potion            |     1 |       |       |       ||     1
   Stab: Sleeping          |     8 |     9 |     8 |       ||    25
         Distracted        |     1 |       |     1 |       ||     2
         Held in net/web   |       |     1 |     3 |       ||     4
         Paralysed         |       |       |     7 |       ||     7
 Armour: Robe              |     4 |    44 |    64 |     4 ||   116
  Dodge: Dodged            |    40 |    95 |   133 |     3 ||   271

Levels and vault maps discovered:
D:1:      spicycebolla_arrival_risky_transporter, layout_loops_corners,
          serial_rivers, chequers_serial_rivers_micro_b,
          chequers_serial_rivers_micro_b, chequers_serial_rivers_room_a,
          chequers_serial_rivers_micro_b, chequers_serial_rivers_micro_c,
          chequers_serial_rivers_micro_e
D:2:      layout_basic
D:3:      layout_rooms, minitemple, gammafunk_ghost_mausoleum, minmay_between
D:4:      layout_gridville, lemuel_coloured_pillars_altar,
          kennysheep_windowed_goal
D:5:      layout_cave_pools, old_standard_altar, uniq_pikel
D:6:      layout_layer_cave, serial_demonic, serial_demonic_b, serial_demonic_e,
          serial_demonic_a, serial_demonic_e
D:7:      layout_basic, minmay_temple_entry_sparse_star,
          biasface_ghost_orc_armoury
D:8:      layout_basic, nrook_campfire, kb_rosetta, uniq_erica, uniq_amaemon
Temple:   nicolae_temple_figure_eight

Notes
Turn   | Place    | Note
-------+----------+-------------------------------------------
     0 | D:1      | Jackthecabe the Vine Stalker Brigand began the quest for
                  | the Orb.
     0 | D:1      | Reached XP level 1. HP: 11/11 MP: 2/2
    94 | D:1      | Reached skill level 2 in Short Blades
   267 | D:1      | Reached XP level 2. HP: 15/15 MP: 3/3
   935 | D:2      | Reached skill level 3 in Short Blades
   935 | D:2      | Reached XP level 3. HP: 18/18 MP: 4/4
  1239 | D:2      | Gained mutation: Your natural rate of healing is unusually
                  | fast. [Vine Stalker growth]
  1239 | D:2      | Reached XP level 4. HP: 23/23 MP: 5/5
  1527 | D:2      | Reached skill level 4 in Short Blades
  2100 | D:3      | Identified the +0 robe of Vyfirgh {rF+}
  2134 | D:3      | Found a transporter.
  2137 | D:3      | Noticed Dittersdorf's ghost (amateur GrFi)
  2230 | D:3      | Found a transporter.
  2355 | D:3      | Reached XP level 5. HP: 17/26 MP: 3/6
  2424 | D:3      | Found a snail-covered altar of Cheibriados.
  2486 | D:3      | HP: 2/26 [orc/+0 mace (4)]
  2487 | D:3      | Reached skill level 5 in Short Blades
  2554 | D:3      | Found an ancient bone altar of Kikubaaqudgha.
  2554 | D:3      | Found an iron altar of Okawaru.
  2554 | D:3      | Found an opulent altar of Gozag.
  2555 | D:3      | Found a sparkling altar of Nemelex Xobeh.
  2559 | D:3      | Found a bloodstained altar of Trog.
  2973 | D:4      | Reached XP level 6. HP: 13/30 MP: 3/7
  3275 | D:4      | Found Adyetoy's Book Emporium.
  3275 | D:4      | You fall into a shaft and drop 1 floor!
  3275 | D:5      | Entered Level 5 of the Dungeon
  3350 | D:6      | Noticed an ice beast
  3384 | D:6      | Killed an ice beast
  3385 | D:6      | Reached skill level 6 in Short Blades
  3385 | D:6      | Reached skill level 5 in Stealth
  3458 | D:6      | Reached XP level 7. HP: 34/34 MP: 8/8
  3517 | D:6      | Reached skill level 6 in Stealth
  3695 | D:5      | Noticed Pikel
  3866 | D:6      | Killed Pikel
  3867 | D:6      | Reached skill level 8 in Short Blades
  3867 | D:6      | Reached skill level 2 in Fighting
  3867 | D:6      | Gained mutation: You have razor-sharp teeth. [Vine Stalker
                  | growth]
  3867 | D:6      | Reached XP level 8. HP: 25/39 MP: 7/9
  4095 | D:5      | Reached skill level 3 in Fighting
  4138 | D:5      | HP: 3/40 [black bear (5)]
  4150 | D:5      | Reached skill level 4 in Fighting
  4202 | D:5      | Found a broken altar of Ashenzari.
  4496 | D:4      | Reached skill level 5 in Fighting
  4598 | D:4      | Found a glowing silver altar of Zin.
  4629 | D:4      | HP: 4/43 [ogre/+0 giant club (19)]
  4969 | D:5      | Reached skill level 6 in Fighting
  5460 | D:6      | Reached XP level 9. HP: 41/49 MP: 8/10
  5727 | D:6      | Reached skill level 7 in Fighting
  6537 | D:7      | Found a staircase to the Ecumenical Temple.
  6599 | Temple   | Entered the Ecumenical Temple
  6828 | Temple   | Became a worshipper of Uskayaw the Reveller
  6865 | D:7      | Reached * piety under Uskayaw
  6866 | D:7      | Reached skill level 8 in Fighting
  6868 | D:7      | Reached ** piety under Uskayaw
  6871 | D:7      | Reached skill level 1 in Dodging
  6872 | D:7      | Reached *** piety under Uskayaw
  6874 | D:7      | Reached **** piety under Uskayaw
  6943 | D:7      | Reached skill level 2 in Dodging
  6953 | D:7      | Reached ***** piety under Uskayaw
  6956 | D:7      | Reached skill level 3 in Dodging
  7153 | D:7      | Found a runed translucent gate.
  7153 | D:7      | Noticed olddryhag's ghost (novice DsGl)
  7154 | D:7      | Found a runed translucent gate.
  7155 | D:7      | Found a runed translucent gate.
  7220 | D:8      | Noticed an orange demon
  7380 | D:8      | Noticed a deep elf pyromancer
  7392 | D:8      | Reached skill level 4 in Dodging
  7411 | D:8      | Killed a deep elf pyromancer
  7412 | D:8      | Reached skill level 5 in Dodging
  7412 | D:8      | Reached XP level 10. HP: 34/56 MP: 0/11
  7511 | D:8      | Noticed Erica
  7684 | D:8      | Noticed a two-headed ogre
  7687 | D:8      | Mangled by a two-headed ogre

Vanquished Creatures
  Pikel (D:6)
  A deep elf pyromancer (D:8)
  A wyvern (D:8)
  A water moccasin (D:7)
  2 ice beasts (D:6)
  4 black bears
  2 ogres
  A centaur (D:6)
  2 phantoms
  2 bullfrogs (D:7)
  3 scorpions
  5 killer bees (D:7)
  3 howler monkeys (D:7)
  A jelly (D:5)
  2 hounds
  4 orc priests
  An iguana (D:5)
  4 orc wizards
  6 gnolls
  8 adders
  5 shadow imps (D:6)
  4 white imps
  2 ufetubi
  4 worms
  3 dart slugs
  21 orcs
  8 ball pythons
  7 endoplasms
  3 giant cockroaches
  4 goblins
  5 hobgoblins
  4 kobolds
  7 quokkas
  3 bats
  4 frilled lizards
  3 rats
141 creatures vanquished.

Table legend: (Time is in decaauts)
 A = Elapsed time spent in this place.
 B = Non-inter-level travel time spent in this place.
 C = Inter-level travel time spent in this place.
 D = Time resting spent in this place.
 E = Time spent auto-exploring this place.
 F = Levels seen in this place.
 G = Mean time per level.
                   A        B        C        D        E       F      G
               +--------+--------+--------+--------+--------+-----+--------+
         Total |   7499 |   7188 |    311 |    625 |   4538 |   9 |  833.2 |
       Dungeon |   7251 |   6984 |    267 |    625 |   4336 |   8 |  906.4 |
        Temple |    247 |    203 |     44 |      0 |    202 |   1 |  247.0 |
               +--------+--------+--------+--------+--------+-----+--------+

Top non-repeatable levels by time:
     D:6: 1561 daAuts
     D:2: 1111 daAuts
     D:4: 938 daAuts
     D:1: 931 daAuts
     D:7: 794 daAuts
     D:3: 766 daAuts
     D:5: 686 daAuts
     D:8: 462 daAuts
  Temple: 247 daAuts

Table legend:
 A = Non-vault XP
 B = Vault XP
 C = Vault XP percentage of total XP
 D = Non-vault monster count
 E = Vault monster count
 F = Vault count percentage of total count
                 A         B        C        D         E       F
            +---------+---------+-------+---------+---------+-------
      Total |    3492 |    1381 |  28.3 |     125 |      16 |  11.3
            +---------+---------+-------+---------+---------+-------
        D:1 |      23 |       0 |   0.0 |      13 |       0 |   0.0
        D:2 |     109 |       0 |   0.0 |      24 |       0 |   0.0
        D:3 |     102 |      20 |  16.4 |      16 |       4 |  20.0
        D:4 |     377 |      29 |   7.1 |      21 |       3 |  12.5
        D:5 |     610 |       0 |   0.0 |      11 |       0 |   0.0
        D:6 |     719 |     737 |  50.6 |      11 |       8 |  42.1
        D:7 |    1050 |       0 |   0.0 |      21 |       0 |   0.0
        D:8 |     502 |     595 |  54.2 |       8 |       1 |  11.1
            +---------+---------+-------+---------+---------+-------
